Admirals NSH vs Monarchs

Created - Saturday, February 28, 2015 at 01:44

Goals
1 2 3 OT1 SO T
Admirals NSH 0 1 0 0 0 1
Monarchs 0 1 0 0 1 2
Shots
1 2 3 OT1 SO T
Admirals NSH 8 3 6 7 3 24
Monarchs 5 10 13 1 3 29

1st period

No Goal

Penalties :
Cameron Schilling (MIL) for Holding (Minor) at 5:44, Taylor Doherty (MAN) for Fighting (Major) at 8:19, Frazer McLaren (MIL) for Fighting (Major) at 8:19, Frazer McLaren (MIL) for instigated a fight (Minor) at 8:19, Frazer McLaren (MIL) for instigated a fight (10 Minutes Misconduct) at 8:19, Taylor Doherty (MAN) for Hooking (Minor) at 0:00

2nd period

1. Admirals NSH , Adam Cracknell 6 (Corey Tropp, Mike Blunden) at 1:37 (PP)
2. Monarchs , Derek Forbort 2 (Mikhail Grigorenko, Keith Ballard) at 12:39 (SH)

Penalties :
Mathieu Tousignant (MAN) for Hooking (Minor) at 11:46

3rd period

No Goal

Penalties :
Cameron Schilling (MIL) for Hooking (Minor) at 10:56

Overtime #1

No Goal

Penalties :
No Penalty

Shootout

Penalty Shot by Corey Tropp for Admirals NSH - Stopped by Reto Berra
Penalty Shot by Ryan Malone for Monarchs - Shot Misses the Net
Penalty Shot by Jamie Tardif for Admirals NSH - Stopped by Reto Berra
Penalty Shot by Jared Knight for Monarchs - Shot Misses the Net
Penalty Shot by Frazer McLaren for Admirals NSH - Stopped by Reto Berra
Penalty Shot by Raffi Torres for Monarchs - Goal!

Penalties :
No Penalty

Goalie Stats

Johan Gustafsson (MIL), 28 saves from 29 shots - (0.966), OTL, 20-46-6, 65:00 minutes
Reto Berra (MAN), 23 saves from 24 shots - (0.958), W, 4-4-5, 65:00 minutes

Players Stats for Admirals NSH

Player Name              G  A  P  +/- PIM S  H  SB GA TA FO     MP     PP MP  PK MP  
------------------------------------------------------------------------------------
Adam Cracknell           1  0  1  -1  0   5  1  1  3  0  2/4    18:50   1:17   1:17 
Alexey Marchenko         0  0  0  -1  0   1  2  0  1  2  0/0    26:40   2:11   4:19 
Brody Sutter             0  0  0   0  0   2  1  1  0  0  5/7    21:55   1:30   1:18 
Cameron Schilling        0  0  0   0  4   0  0  0  3  1  0/0    19:04   0:00   1:26 
Corey Tropp              0  1  1   0  0   3  2  0  2  0  0/1    19:38   1:26   1:15 
Frazer McLaren           0  0  0  -1  17  2  3  1  1  0  0/0    14:14   0:58   0:00 
Fredrik Claesson         0  0  0   0  0   0  1  0  2  5  0/0    28:17   1:25   2:19 
Jamie Tardif             0  0  0   0  0   2  1  0  0  0  4/8    23:29   1:24   3:10 
Jyrki Jokipakka          0  0  0   0  0   2  0  0  0  1  0/0    24:10   1:25   0:00 
Lane MacDermid           0  0  0   0  0   0  1  0  0  1  0/0     1:34   0:00   0:00 
Marcel Noebels           0  0  0   0  0   0  1  1  1  2  1/1    13:43   0:00   0:00 
Matt Fraser              0  0  0  -1  0   0  1  2  1  0  0/0    13:55   1:05   1:24 
Mike Blunden             0  1  1   0  0   3  3  0  3  1  3/11   23:29   1:26   2:42 
Nikita Nesterov          0  0  0   0  0   1  1  0  1  0  0/0     6:06   0:00   0:12 
Patrick Mullen           0  0  0  -1  0   2  3  2  0  2  0/0    27:29   2:11   3:38 
Pierre-Cedric Labrie     0  0  0   0  0   1  2  0  3  0  0/0    18:43   1:42   0:00 
Wade Megan               0  0  0   0  0   0  1  0  0  0  0/0     1:55   0:00   0:00 
Zach Hamill              0  0  0   0  0   0  0  0  0  1  1/1    10:44   0:00   0:48 

Players Stats for Monarchs

Player Name              G  A  P  +/- PIM S  H  SB GA TA FO     MP     PP MP  PK MP  
------------------------------------------------------------------------------------
Bobby Robins             0  0  0   0  0   2  1  0  1  0  0/0    18:47   0:30   0:00 
Brett Olson              0  0  0   0  0   2  1  0  1  2  6/14   23:18   2:45   3:00 
Byron Froese             0  0  0   0  0   0  0  0  1  0  0/0     7:49   0:00   0:00 
C.J. Stretch             0  0  0   1  0   2  2  0  0  0  5/7    20:05   1:12   0:24 
David Rundblad           0  0  0   0  0   0  0  0  2  3  0/0     8:53   2:03   0:19 
Derek Forbort            1  0  1   1  0   2  1  3  0  0  0/0    23:25   2:31   1:26 
Jared Knight             0  0  0   0  0   0  0  0  1  0  3/6    23:20   2:42   3:00 
Joe Morrow               0  0  0   1  0   4  1  0  3  0  0/0    26:39   2:31   1:26 
Jordan Hill              0  0  0   0  0   0  0  0  0  4  0/0    21:48   1:23   1:39 
Keith Ballard            0  1  1   0  0   4  1  1  2  0  0/0    27:20   3:26   2:10 
Luke Gazdic              0  0  0   0  0   0  0  0  2  0  1/1    11:07   0:30   0:00 
Matej Stransky           0  0  0   0  0   3  1  0  2  1  0/0    19:08   2:45   0:00 
Mathieu Tousignant       0  0  0   0  2   0  0  0  0  0  0/0     0:14   0:00   0:00 
Mikhail Grigorenko       0  1  1   1  0   0  0  0  1  2  0/3    22:08   2:26   0:36 
Raffi Torres             0  0  0   0  0   3  3  0  5  0  0/0    19:53   2:23   0:12 
Ryan Malone              0  0  0   0  0   7  3  0  2  1  2/2    19:35   2:38   0:00 
Taylor Doherty           0  0  0   0  7   0  1  0  0  0  0/0    19:11   0:00   0:12 
Zach McKelvie            0  0  0   0  0   0  0  0  0  0  0/0     3:37   0:00   0:00 

3 Stars

1 - Johan Gustafsson (MIL)
2 - Reto Berra (MAN)
3 - Derek Forbort (MAN)

Power Play

Admirals NSH - 1 on 2 Attempt(s) - 50.00%
Monarchs - 0 on 3 Attempt(s) - 0.00%

Penalty Kill

Admirals NSH - 3 on 3 Attempt(s) - 100.00% - Score 0 goal in Penalty Kill
Monarchs - 1 on 2 Attempt(s) - 50.00% - Score 1 goal in Penalty Kill

Team Stat

Admirals NSH - Hits : 24 - Faceoff Wins : 16 - Blocked Shots : 8 - Penalty Minutes : 21
Monarchs - Hits : 15 - Faceoff Wins : 17 - Blocked Shots : 4 - Penalty Minutes : 9

Official

Referees : Unknown
Linesman : Unknown

Game Notes

Taylor Doherty and Frazer McLaren fight to a draw at 8:19 of 1st period
David Rundblad is injured at 0:19 of 2nd period (Bruised Right Foot)

Finance

Level 1 -- Attendance: 1630 (81.50%) -- Ticket Income $48,900
Level 2 -- Attendance: 776 (77.60%) -- Ticket Income $9,312
Total Attendance: 2406 (80.20%)
Total Ticket Income: $58,212
Other Income: $28,524
Total Income: $86,736

Admirals NSH

5 vs 5 Forward 
   Center                   Left Wing                Right Wing               Time % Phy DF OF 
 1 Jamie Tardif             Mike Blunden             Corey Tropp              25     1   2  2  
 2 Brody Sutter             Frazer McLaren           Pierre-Cedric Labrie     25     1   2  2  
 3 Mike Blunden             Corey Tropp              Jamie Tardif             25     1   2  2  
 4 Mike Blunden             Marcel Noebels           Brody Sutter             25     1   2  2  

5 vs 5 Defense 
   Defense                  Defense                                           Time % Phy DF OF 
 1 Fredrik Claesson         Jyrki Jokipakka                                   30     1   2  2  
 2 Patrick Mullen           Alexey Marchenko                                  28     1   2  2  
 3 Fredrik Claesson         Cameron Schilling                                 21     1   2  2  
 4 Fredrik Claesson         Patrick Mullen                                    21     1   2  2  

PowerPlay Forward 
   Center                   Left Wing                Right Wing               Time % Phy DF OF 
 1 Mike Blunden             Frazer McLaren           Corey Tropp              50     1   2  2  
 2 Brody Sutter             Jamie Tardif             Pierre-Cedric Labrie     50     1   2  2  

PowerPlay Defense
   Defense                  Defense                                           Time % Phy DF OF 
 1 Fredrik Claesson         Jyrki Jokipakka                                   50     1   2  2  
 2 Patrick Mullen           Alexey Marchenko                                  50     1   2  2  

Penalty Kill 4 Players Forward 
   Center                   Wing                     Time % Phy DF OF 
 1 Mike Blunden             Jamie Tardif             60     1   2  2  
 2 Corey Tropp              Brody Sutter             40     1   2  2  

Penalty Kill 4 Players Defense
   Defense                  Defense                  Time % Phy DF OF 
 1 Fredrik Claesson         Cameron Schilling        60     1   2  2  
 2 Patrick Mullen           Alexey Marchenko         40     1   2  2  

Penalty Kill - 3 Players Forward 
   Forward                                           Time % Phy DF OF 
 1 Brody Sutter                                      60     1   2  2  
 2 Mike Blunden                                      40     1   2  2  

Penalty Kill - 3 Players Defense
   Defense                  Defense                  Time % Phy DF OF 
 1 Fredrik Claesson         Cameron Schilling        60     1   2  2  
 2 Patrick Mullen           Alexey Marchenko         40     1   2  2  

4 vs 4 Forward 
   Center                   Wing                     Time % Phy DF OF 
 1 Jamie Tardif             Mike Blunden             60     1   2  2  
 2 Corey Tropp              Brody Sutter             40     1   2  2  

4 vs 4 Defense
   Defense                  Defense                  Time % Phy DF OF 
 1 Fredrik Claesson         Jyrki Jokipakka          60     1   2  2  
 2 Patrick Mullen           Alexey Marchenko         40     1   2  2  

Last Minutes Offensive
   Center                   Left Wing                Right Wing               Defense                  Defense                  
   Brody Sutter             Mike Blunden             Corey Tropp              Fredrik Claesson         Jyrki Jokipakka          

Last Minutes Defensive
   Center                   Left Wing                Right Wing               Defense                  Defense                  
   Brody Sutter             Mike Blunden             Corey Tropp              Fredrik Claesson         Jyrki Jokipakka          

Goaltenders
Starting : Johan Gustafsson         
Backup : Jeremy Smith             

Extra Forwards
Normal : Jamie Tardif, Brody Sutter, Mike Blunden - PP : Jamie Tardif, Brody Sutter - PK : Brody Sutter
Extra Defensemen
Normal : Fredrik Claesson, Cameron Schilling, Patrick Mullen - PP : Fredrik Claesson - PK : Cameron Schilling, Patrick Mullen
Penalty Shots
Corey Tropp, Jamie Tardif, Frazer McLaren, Brody Sutter, Mike Blunden

Monarchs

5 vs 5 Forward 
   Center                   Left Wing                Right Wing               Time % Phy DF OF 
 1 Mikhail Grigorenko       Raffi Torres             Jared Knight             35     1   2  2  
 2 Brett Olson              Ryan Malone              Matej Stransky           30     1   2  2  
 3 C.J. Stretch             Raffi Torres             Bobby Robins             22     1   2  2  
 4 Ryan Malone              Mikhail Grigorenko       Raffi Torres             13     1   2  2  

5 vs 5 Defense 
   Defense                  Defense                                           Time % Phy DF OF 
 1 Keith Ballard            David Rundblad                                    35     1   2  2  
 2 Joe Morrow               Derek Forbort                                     30     1   2  2  
 3 David Rundblad           Jordan Hill                                       22     1   2  2  
 4 Taylor Doherty           Keith Ballard                                     13     1   2  2  

PowerPlay Forward 
   Center                   Left Wing                Right Wing               Time % Phy DF OF 
 1 Mikhail Grigorenko       Ryan Malone              Jared Knight             60     1   2  2  
 2 Brett Olson              Raffi Torres             Matej Stransky           40     1   2  2  

PowerPlay Defense
   Defense                  Defense                                           Time % Phy DF OF 
 1 Keith Ballard            David Rundblad                                    60     1   2  2  
 2 Joe Morrow               Derek Forbort                                     40     1   2  2  

Penalty Kill 4 Players Forward 
   Center                   Wing                     Time % Phy DF OF 
 1 Brett Olson              Jared Knight             60     1   2  2  
 2 Raffi Torres             Mikhail Grigorenko       40     1   2  2  

Penalty Kill 4 Players Defense
   Defense                  Defense                  Time % Phy DF OF 
 1 Keith Ballard            David Rundblad           60     1   2  2  
 2 Joe Morrow               Derek Forbort            40     1   2  2  

Penalty Kill - 3 Players Forward 
   Forward                                           Time % Phy DF OF 
 1 Raffi Torres                                      60     1   2  2  
 2 Mikhail Grigorenko                                40     1   2  2  

Penalty Kill - 3 Players Defense
   Defense                  Defense                  Time % Phy DF OF 
 1 Keith Ballard            Jordan Hill              60     1   2  2  
 2 Joe Morrow               Derek Forbort            40     1   2  2  

4 vs 4 Forward 
   Center                   Wing                     Time % Phy DF OF 
 1 Jared Knight             Brett Olson              60     1   2  2  
 2 Raffi Torres             Mikhail Grigorenko       40     1   2  2  

4 vs 4 Defense
   Defense                  Defense                  Time % Phy DF OF 
 1 Keith Ballard            Taylor Doherty           60     1   2  2  
 2 Joe Morrow               Derek Forbort            40     1   2  2  

Last Minutes Offensive
   Center                   Left Wing                Right Wing               Defense                  Defense                  
   Mikhail Grigorenko       Ryan Malone              Jared Knight             Keith Ballard            Joe Morrow               

Last Minutes Defensive
   Center                   Left Wing                Right Wing               Defense                  Defense                  
   Mikhail Grigorenko       Ryan Malone              Jared Knight             Keith Ballard            Joe Morrow               

Goaltenders
Starting : Reto Berra               
Backup : Kenny Reiter             

Extra Forwards
Normal : C.J. Stretch, Mikhail Grigorenko, Bobby Robins - PP : C.J. Stretch, Mikhail Grigorenko - PK : Bobby Robins
Extra Defensemen
Normal : David Rundblad, Jordan Hill, Taylor Doherty - PP : David Rundblad - PK : Jordan Hill, Taylor Doherty
Penalty Shots
Ryan Malone, Jared Knight, Raffi Torres, Mikhail Grigorenko, Brett Olson

% Time on Ice - Admirals NSH

Lines # - Real PCT - Wanted PCT - Time Play
Normal Forward
1 - 19% - 25% - 9:27
2 - 38% - 25% - 19:09
3 - 17% - 25% - 8:23
4 - 27% - 25% - 13:27
Normal Defense
1 - 39% - 30% - 19:27
2 - 26% - 28% - 13:10
3 - 26% - 21% - 13:05
4 - 9% - 21% - 4:44
PP Forward
1 - 53% - 50% - 1:55
2 - 47% - 50% - 1:42
PP Defense
1 - 40% - 50% - 1:26
2 - 60% - 50% - 2:11
PK Forward
1 - 79% - 60% - 4:42
2 - 21% - 40% - 1:15
PK Defense
1 - 39% - 60% - 2:19
2 - 61% - 40% - 3:38
PK3 Forward
1 - 0% - 60%
2 - 0% - 40%
PK3 Defense
1 - 0% - 60%
2 - 0% - 40%
44 Forward
1 - 100% - 60% - 5:00
2 - 0% - 40% - 0:00
44 Defense
1 - 53% - 60% - 2:39
2 - 47% - 40% - 2:21
Last Minute Offensive  - 0:00
Last Minute Defensive  - 0:00
Total
Forward - 65:00
Defense - 65:00

% Time on Ice - Monarchs

Lines # - Real PCT - Wanted PCT - Time Play
Normal Forward
1 - 35% - 35% - 17:28
2 - 32% - 30% - 16:09
3 - 29% - 22% - 14:28
4 - 5% - 13% - 2:21
Normal Defense
1 - 38% - 35% - 19:19
2 - 30% - 30% - 15:22
3 - 23% - 22% - 11:34
4 - 8% - 13% - 4:11
PP Forward
1 - 54% - 60% - 3:12
2 - 46% - 40% - 2:45
PP Defense
1 - 58% - 60% - 3:26
2 - 42% - 40% - 2:31
PK Forward
1 - 94% - 60% - 3:25
2 - 6% - 40% - 0:12
PK Defense
1 - 60% - 60% - 2:11
2 - 40% - 40% - 1:26
PK3 Forward
1 - 0% - 60%
2 - 0% - 40%
PK3 Defense
1 - 0% - 60%
2 - 0% - 40%
44 Forward
1 - 100% - 60% - 5:00
2 - 0% - 40% - 0:00
44 Defense
1 - 53% - 60% - 2:40
2 - 47% - 40% - 2:20
Last Minute Offensive  - 0:00
Last Minute Defensive  - 0:00
Total
Forward - 65:00
Defense - 65:00

Play by Play

1st period


0:01 of 1st period - Jared Knight wins face-off versus Jamie Tardif in neutral zone.
0:52 of 1st period - Brett Olson is hit by Frazer McLaren.
0:56 of 1st period - Snap shot by Pierre-Cedric Labrie.
0:56 of 1st period - Stopped by Reto Berra with a rebound.
0:58 of 1st period - Slapshot by Patrick Mullen.
0:58 of 1st period - Deflect By Frazer McLaren.
0:58 of 1st period - Shot Misses the Net.
0:58 of 1st period - Puck is out of play.
0:59 of 1st period - Brody Sutter wins face-off versus Brett Olson in Monarchs zone.
1:04 of 1st period - Slapshot by Frazer McLaren.
1:04 of 1st period - Shot Misses the Net.
1:32 of 1st period - Snap shot by Matej Stransky.
1:32 of 1st period - Shot Blocked by Brody Sutter.
2:22 of 1st period - Wrist shot by Mike Blunden.
2:22 of 1st period - Stopped by Reto Berra with a rebound.
2:48 of 1st period - Ryan Malone is hit by Fredrik Claesson and loses puck.
3:25 of 1st period - Icing by Keith Ballard.
3:26 of 1st period - Marcel Noebels wins face-off versus Mikhail Grigorenko in Monarchs zone.
4:13 of 1st period - Wrist shot by Frazer McLaren.
4:13 of 1st period - Shot Blocked by Derek Forbort.
4:15 of 1st period - Slapshot by Frazer McLaren.
4:15 of 1st period - Stopped by Reto Berra with a rebound.
4:17 of 1st period - Snap shot by Frazer McLaren.
4:17 of 1st period - Shot Misses the Net.
4:19 of 1st period - Snap shot by Frazer McLaren.
4:19 of 1st period - Shot Misses the Net.
4:29 of 1st period - Snap shot by Corey Tropp.
4:29 of 1st period - Stopped by Reto Berra without a rebound.
4:30 of 1st period - Brett Olson wins face-off versus Jamie Tardif in Monarchs zone.
4:53 of 1st period - Snap shot by Frazer McLaren.
4:53 of 1st period - Stopped by Reto Berra with a rebound.
5:20 of 1st period - Wrist shot by Corey Tropp.
5:20 of 1st period - Stopped by Reto Berra without a rebound.
5:21 of 1st period - C.J. Stretch wins face-off versus Mike Blunden in Monarchs zone.
5:44 of 1st period - Minor Penalty to Cameron Schilling for Holding.
5:45 of 1st period - Mike Blunden wins face-off versus Brett Olson in Admirals NSH zone.
5:55 of 1st period - Slapshot by Keith Ballard.
5:55 of 1st period - Stopped by Johan Gustafsson without a rebound.
5:56 of 1st period - Brett Olson wins face-off versus Mike Blunden in Admirals NSH zone.
6:48 of 1st period - David Rundblad is hit by Corey Tropp and loses puck.
7:07 of 1st period - Alexey Marchenko is hit by Ryan Malone and loses puck.
7:44 of 1st period - Penalty to Cameron Schilling is over, Cameron Schilling is back on ice.
7:53 of 1st period - Snap shot by Brody Sutter.
7:53 of 1st period - Stopped by Reto Berra with a rebound.
8:19 of 1st period - Taylor Doherty and Frazer McLaren fight to a draw.
8:19 of 1st period - Penalty to Taylor Doherty for Fighting.
8:19 of 1st period - Penalty to Frazer McLaren for Fighting.
8:19 of 1st period - Penalty to Frazer McLaren for instigated a fight.
8:19 of 1st period - Penalty to Frazer McLaren for instigated a fight.
8:20 of 1st period - Mike Blunden wins face-off versus Brett Olson in Admirals NSH zone.
9:49 of 1st period - Icing by Matej Stransky.
9:50 of 1st period - Brett Olson wins face-off versus Corey Tropp in Monarchs zone.
10:19 of 1st period - Penalty to Frazer McLaren is over, Matt Fraser is send on ice.
11:15 of 1st period - Adam Cracknell is hit by Matej Stransky and loses puck.
11:46 of 1st period - Wrist shot by Raffi Torres.
11:46 of 1st period - Deflect By C.J. Stretch.
11:46 of 1st period - Stopped by Johan Gustafsson with a rebound.
11:48 of 1st period - Slapshot by Keith Ballard.
11:48 of 1st period - Stopped by Johan Gustafsson with a rebound.
12:00 of 1st period - Wrist shot by Ryan Malone.
12:00 of 1st period - Shot Misses the Net.
12:02 of 1st period - Slapshot by Brett Olson.
12:02 of 1st period - Shot Misses the Net.
12:04 of 1st period - Snap shot by Brett Olson.
12:04 of 1st period - Stopped by Johan Gustafsson with a rebound.
12:17 of 1st period - Icing by Fredrik Claesson.
12:18 of 1st period - Brody Sutter wins face-off versus Mikhail Grigorenko in Admirals NSH zone.
12:18 of 1st period - Brody Sutter is hit by Derek Forbort.
12:41 of 1st period - Wrist shot by Corey Tropp.
12:41 of 1st period - Stopped by Reto Berra with a rebound.
14:57 of 1st period - Wrist shot by Raffi Torres.
14:57 of 1st period - Stopped by Johan Gustafsson without a rebound.
14:58 of 1st period - C.J. Stretch wins face-off versus Mike Blunden in Admirals NSH zone.
15:17 of 1st period - Snap shot by Adam Cracknell.
15:17 of 1st period - Shot Misses the Net.
15:45 of 1st period - Slapshot by Joe Morrow.
15:45 of 1st period - Shot Misses the Net.
16:05 of 1st period - Wrist shot by Luke Gazdic.
16:05 of 1st period - Deflect By Corey Tropp.
16:05 of 1st period - Shot Misses the Net.
16:05 of 1st period - Puck is out of play.
16:06 of 1st period - Adam Cracknell wins face-off versus C.J. Stretch in Admirals NSH zone.
16:58 of 1st period - Jyrki Jokipakka is hit by C.J. Stretch and loses puck.
18:18 of 1st period - Raffi Torres is hit by Lane MacDermid and loses puck.
18:41 of 1st period - Brett Olson is hit by Nikita Nesterov.
19:36 of 1st period - Slapshot by David Rundblad.
19:36 of 1st period - Shot Blocked by Matt Fraser.
Goals for this period are 0 for Admirals NSH vs 0 for Monarchs.
Shots for this period are 8 for Admirals NSH vs 5 for Monarchs.
0:00 of 2nd period - Minor Penalty to Taylor Doherty for Hooking.

2nd period


0:01 of 2nd period - Mike Blunden wins face-off versus Jared Knight in neutral zone.
0:18 of 2nd period - David Rundblad is hit by Mike Blunden and loses puck.
0:19 of 2nd period - David Rundblad from Monarchs is injured at 0:19 of 2nd period (Bruised Right Foot).
0:20 of 2nd period - Brett Olson wins face-off versus Brody Sutter in Monarchs zone.
1:20 of 2nd period - Derek Forbort is hit by Mike Blunden and loses puck.
1:37 of 2nd period - Slapshot by Adam Cracknell.
1:37 of 2nd period - Goal by Adam Cracknell - Admirals NSH : 1 - Monarchs : 0.
1:38 of 2nd period - Ryan Malone wins face-off versus Mike Blunden in neutral zone.
1:53 of 2nd period - Slapshot by Fredrik Claesson.
1:53 of 2nd period - Deflect By Marcel Noebels.
1:53 of 2nd period - Shot Misses the Net.
1:53 of 2nd period - Puck is out of play.
1:54 of 2nd period - Ryan Malone wins face-off versus Mike Blunden in Monarchs zone.
3:19 of 2nd period - 10 Minutes Misconduct Penalty to Frazer McLaren is over.
3:50 of 2nd period - Fredrik Claesson is hit by Ryan Malone and loses puck.
4:54 of 2nd period - Snap shot by Adam Cracknell.
4:54 of 2nd period - Stopped by Reto Berra with a rebound.
6:06 of 2nd period - Derek Forbort is hit by Corey Tropp and loses puck.
7:11 of 2nd period - Snap shot by Luke Gazdic.
7:11 of 2nd period - Shot Blocked by Adam Cracknell.
7:43 of 2nd period - Brody Sutter is hit by Bobby Robins and loses puck.
8:21 of 2nd period - Off-side.
8:22 of 2nd period - Jamie Tardif wins face-off versus Brett Olson in neutral zone.
9:05 of 2nd period - Slapshot by Joe Morrow.
9:05 of 2nd period - Deflect By Bobby Robins.
9:05 of 2nd period - Stopped by Johan Gustafsson with a rebound.
9:15 of 2nd period - Wrist shot by Ryan Malone.
9:15 of 2nd period - Stopped by Johan Gustafsson with a rebound.
9:17 of 2nd period - Slapshot by Keith Ballard.
9:17 of 2nd period - Deflect By Ryan Malone.
9:17 of 2nd period - Stopped by Johan Gustafsson with a rebound.
9:43 of 2nd period - Snap shot by Raffi Torres.
9:43 of 2nd period - Stopped by Johan Gustafsson with a rebound.
9:45 of 2nd period - Slapshot by Derek Forbort.
9:45 of 2nd period - Shot Misses the Net.
9:47 of 2nd period - Slapshot by Derek Forbort.
9:47 of 2nd period - Stopped by Johan Gustafsson with a rebound.
9:49 of 2nd period - Slapshot by Joe Morrow.
9:49 of 2nd period - Stopped by Johan Gustafsson with a rebound.
10:39 of 2nd period - Joe Morrow is hit by Frazer McLaren and loses puck.
11:00 of 2nd period - Slapshot by Ryan Malone.
11:00 of 2nd period - Shot Blocked by Matt Fraser.
11:02 of 2nd period - Wrist shot by Ryan Malone.
11:02 of 2nd period - Stopped by Johan Gustafsson with a rebound.
11:46 of 2nd period - Minor Penalty to Mathieu Tousignant for Hooking.
11:47 of 2nd period - Brody Sutter wins face-off versus Brett Olson in Monarchs zone.
11:48 of 2nd period - Wrist shot by Pierre-Cedric Labrie.
11:48 of 2nd period - Shot Misses the Net.
11:50 of 2nd period - Snap shot by Patrick Mullen.
11:50 of 2nd period - Shot Blocked by Keith Ballard.
11:52 of 2nd period - Slapshot by Alexey Marchenko.
11:52 of 2nd period - Deflect By Brett Olson.
11:52 of 2nd period - Stopped by Reto Berra with a rebound.
11:54 of 2nd period - Snap shot by Patrick Mullen.
11:54 of 2nd period - Shot Misses the Net.
12:39 of 2nd period - Slapshot by Derek Forbort.
12:39 of 2nd period - Goal by Derek Forbort - Admirals NSH : 1 - Monarchs : 1.
12:40 of 2nd period - Brett Olson wins face-off versus Mike Blunden in neutral zone.
12:47 of 2nd period - Corey Tropp is hit by Brett Olson.
13:20 of 2nd period - Patrick Mullen is hit by Joe Morrow and loses puck.
13:27 of 2nd period - Jared Knight is hit by Pierre-Cedric Labrie and loses puck.
13:46 of 2nd period - Penalty to Mathieu Tousignant is over, Mathieu Tousignant is back on ice.
14:26 of 2nd period - Marcel Noebels is hit by Taylor Doherty and loses puck.
14:49 of 2nd period - Snap shot by Matej Stransky.
14:49 of 2nd period - Stopped by Johan Gustafsson with a rebound.
14:55 of 2nd period - Ryan Malone is hit by Alexey Marchenko and loses puck.
16:56 of 2nd period - Backhand shot by Keith Ballard.
16:56 of 2nd period - Stopped by Johan Gustafsson with a rebound.
17:44 of 2nd period - Snap shot by Corey Tropp.
17:44 of 2nd period - Shot Misses the Net.
17:49 of 2nd period - Off-side.
17:50 of 2nd period - Luke Gazdic wins face-off versus Mike Blunden in neutral zone.
19:07 of 2nd period - Alexey Marchenko is hit by Keith Ballard and loses puck.
19:37 of 2nd period - Mikhail Grigorenko is hit by Wade Megan and loses puck.
Goals for this period are 1 for Admirals NSH vs 1 for Monarchs.
Shots for this period are 3 for Admirals NSH vs 10 for Monarchs.

3rd period


0:01 of 3rd period - Jamie Tardif wins face-off versus Mikhail Grigorenko in neutral zone.
0:33 of 3rd period - Slapshot by Mike Blunden.
0:33 of 3rd period - Shot Blocked by Derek Forbort.
0:35 of 3rd period - Slapshot by Patrick Mullen.
0:35 of 3rd period - Stopped by Reto Berra without a rebound.
0:36 of 3rd period - Brody Sutter wins face-off versus Brett Olson in Monarchs zone.
0:37 of 3rd period - Snap shot by Frazer McLaren.
0:37 of 3rd period - Shot Misses the Net.
2:49 of 3rd period - Ryan Malone is hit by Frazer McLaren and loses puck.
3:21 of 3rd period - Keith Ballard is hit by Adam Cracknell and loses puck.
3:34 of 3rd period - Ryan Malone is hit by Patrick Mullen and loses puck.
3:43 of 3rd period - Slapshot by Taylor Doherty.
3:43 of 3rd period - Shot Blocked by Patrick Mullen.
4:21 of 3rd period - Wrist shot by Adam Cracknell.
4:21 of 3rd period - Stopped by Reto Berra without a rebound.
4:22 of 3rd period - Adam Cracknell wins face-off versus Brett Olson in Monarchs zone.
4:46 of 3rd period - Slapshot by Keith Ballard.
4:46 of 3rd period - Deflect By Fredrik Claesson.
4:46 of 3rd period - Stopped by Johan Gustafsson with a rebound.
5:14 of 3rd period - Backhand shot by Adam Cracknell.
5:14 of 3rd period - Stopped by Reto Berra without a rebound.
5:15 of 3rd period - C.J. Stretch wins face-off versus Adam Cracknell in Monarchs zone.
5:39 of 3rd period - Slapshot by Ryan Malone.
5:39 of 3rd period - Stopped by Johan Gustafsson with a rebound.
6:02 of 3rd period - Wrist shot by Luke Gazdic.
6:02 of 3rd period - Shot Blocked by Frazer McLaren.
6:18 of 3rd period - Slapshot by Keith Ballard.
6:18 of 3rd period - Shot Blocked by Marcel Noebels.
6:42 of 3rd period - Cameron Schilling is hit by Raffi Torres and loses puck.
7:09 of 3rd period - Snap shot by Joe Morrow.
7:09 of 3rd period - Stopped by Johan Gustafsson with a rebound.
7:11 of 3rd period - Slapshot by Joe Morrow.
7:11 of 3rd period - Deflect By Ryan Malone.
7:11 of 3rd period - Stopped by Johan Gustafsson with a rebound.
7:42 of 3rd period - Off-side.
7:43 of 3rd period - Brett Olson wins face-off versus Mike Blunden in neutral zone.
7:58 of 3rd period - Snap shot by Matej Stransky.
7:58 of 3rd period - Shot Misses the Net.
8:00 of 3rd period - Wrist shot by Bobby Robins.
8:00 of 3rd period - Stopped by Johan Gustafsson with a rebound.
8:35 of 3rd period - Brody Sutter is hit by Ryan Malone and loses puck.
8:42 of 3rd period - Derek Forbort is hit by Patrick Mullen and loses puck.
9:05 of 3rd period - Snap shot by Adam Cracknell.
9:05 of 3rd period - Stopped by Reto Berra without a rebound.
9:06 of 3rd period - C.J. Stretch wins face-off versus Adam Cracknell in Monarchs zone.
9:48 of 3rd period - Cameron Schilling is hit by Raffi Torres and loses puck.
10:54 of 3rd period - Slapshot by Luke Gazdic.
10:54 of 3rd period - Shot Misses the Net.
10:56 of 3rd period - Minor Penalty to Cameron Schilling for Hooking.
10:57 of 3rd period - Jamie Tardif wins face-off versus Brett Olson in Admirals NSH zone.
11:48 of 3rd period - Patrick Mullen is hit by Raffi Torres and loses puck.
12:02 of 3rd period - Off-side.
12:03 of 3rd period - Zach Hamill wins face-off versus C.J. Stretch in neutral zone.
12:42 of 3rd period - Jordan Hill is hit by Mike Blunden and loses puck.
12:56 of 3rd period - Penalty to Cameron Schilling is over, Cameron Schilling is back on ice.
13:13 of 3rd period - Slapshot by Joe Morrow.
13:13 of 3rd period - Stopped by Johan Gustafsson without a rebound.
13:14 of 3rd period - C.J. Stretch wins face-off versus Brody Sutter in Admirals NSH zone.
13:29 of 3rd period - Wrist shot by Brody Sutter.
13:29 of 3rd period - Stopped by Reto Berra with a rebound.
14:03 of 3rd period - Keith Ballard is hit by Patrick Mullen.
14:15 of 3rd period - Wrist shot by Raffi Torres.
14:15 of 3rd period - Stopped by Johan Gustafsson with a rebound.
14:45 of 3rd period - Wrist shot by Brett Olson.
14:45 of 3rd period - Shot Misses the Net.
15:29 of 3rd period - Jared Knight is hit by Marcel Noebels and loses puck.
15:36 of 3rd period - Joe Morrow is hit by Brody Sutter.
16:16 of 3rd period - Snap shot by Matej Stransky.
16:16 of 3rd period - Deflect By Ryan Malone.
16:16 of 3rd period - Stopped by Johan Gustafsson with a rebound.
16:18 of 3rd period - Snap shot by Brett Olson.
16:18 of 3rd period - Stopped by Johan Gustafsson with a rebound.
16:20 of 3rd period - Slapshot by Ryan Malone.
16:20 of 3rd period - Stopped by Johan Gustafsson with a rebound.
16:22 of 3rd period - Snap shot by Matej Stransky.
16:22 of 3rd period - Stopped by Johan Gustafsson with a rebound.
17:01 of 3rd period - Keith Ballard is hit by Pierre-Cedric Labrie and loses puck.
17:25 of 3rd period - Jordan Hill is hit by Alexey Marchenko and loses puck.
17:34 of 3rd period - Wrist shot by Raffi Torres.
17:34 of 3rd period - Shot Blocked by Patrick Mullen.
17:36 of 3rd period - Wrist shot by Brett Olson.
17:36 of 3rd period - Shot Misses the Net.
17:38 of 3rd period - Wrist shot by Matej Stransky.
17:38 of 3rd period - Shot Misses the Net.
18:24 of 3rd period - Snap shot by Corey Tropp.
18:24 of 3rd period - Shot Misses the Net.
18:26 of 3rd period - Slapshot by Nikita Nesterov.
18:26 of 3rd period - Stopped by Reto Berra with a rebound.
19:02 of 3rd period - Wrist shot by Matej Stransky.
19:02 of 3rd period - Stopped by Johan Gustafsson with a rebound.
19:04 of 3rd period - Slapshot by Derek Forbort.
19:04 of 3rd period - Shot Misses the Net.
19:06 of 3rd period - Wrist shot by C.J. Stretch.
19:06 of 3rd period - Stopped by Johan Gustafsson with a rebound.
19:55 of 3rd period - Snap shot by Corey Tropp.
19:55 of 3rd period - Shot Blocked by Derek Forbort.
Goals for this period are 0 for Admirals NSH vs 0 for Monarchs.
Shots for this period are 6 for Admirals NSH vs 13 for Monarchs.

Overtime #1


0:01 of 1st overtime period - Jamie Tardif wins face-off versus Jared Knight in neutral zone.
0:16 of 1st overtime period - Snap shot by Jamie Tardif.
0:16 of 1st overtime period - Shot Misses the Net.
0:18 of 1st overtime period - Slapshot by Jyrki Jokipakka.
0:18 of 1st overtime period - Stopped by Reto Berra with a rebound.
0:20 of 1st overtime period - Slapshot by Mike Blunden.
0:20 of 1st overtime period - Stopped by Reto Berra with a rebound.
0:22 of 1st overtime period - Slapshot by Jyrki Jokipakka.
0:22 of 1st overtime period - Stopped by Reto Berra with a rebound.
1:01 of 1st overtime period - Snap shot by Patrick Mullen.
1:01 of 1st overtime period - Deflect By Jamie Tardif.
1:01 of 1st overtime period - Stopped by Reto Berra with a rebound.
1:03 of 1st overtime period - Slapshot by Patrick Mullen.
1:03 of 1st overtime period - Stopped by Reto Berra with a rebound.
1:05 of 1st overtime period - Wrist shot by Jamie Tardif.
1:05 of 1st overtime period - Stopped by Reto Berra without a rebound.
1:06 of 1st overtime period - Jared Knight wins face-off versus Jamie Tardif in Monarchs zone.
1:49 of 1st overtime period - Snap shot by Joe Morrow.
1:49 of 1st overtime period - Stopped by Johan Gustafsson with a rebound.
1:51 of 1st overtime period - Wrist shot by C.J. Stretch.
1:51 of 1st overtime period - Deflect By Mikhail Grigorenko.
1:51 of 1st overtime period - Shot Misses the Net.
1:51 of 1st overtime period - Puck is out of play.
1:52 of 1st overtime period - Brody Sutter wins face-off versus Jared Knight in Admirals NSH zone.
2:27 of 1st overtime period - Slapshot by Brody Sutter.
2:27 of 1st overtime period - Shot Misses the Net.
2:37 of 1st overtime period - Jyrki Jokipakka is hit by C.J. Stretch and loses puck.
3:28 of 1st overtime period - Slapshot by Patrick Mullen.
3:28 of 1st overtime period - Shot Misses the Net.
3:30 of 1st overtime period - Snap shot by Mike Blunden.
3:30 of 1st overtime period - Stopped by Reto Berra without a rebound.
3:31 of 1st overtime period - Jared Knight wins face-off versus Jamie Tardif in Monarchs zone.
3:36 of 1st overtime period - C.J. Stretch is hit by Jamie Tardif and loses puck.
4:21 of 1st overtime period - Joe Morrow is hit by Matt Fraser and loses puck.
Goals for this period are 0 for Admirals NSH vs 0 for Monarchs.
Shots for this period are 7 for Admirals NSH vs 1 for Monarchs.

ShootOut


5:00 of 1st overtime period - Penalty Shot by Corey Tropp for Admirals NSH.
5:00 of 1st overtime period - Snap shot by Corey Tropp.
5:00 of 1st overtime period - Stopped by Reto Berra.
5:00 of 1st overtime period - Penalty Shot by Ryan Malone for Monarchs.
5:00 of 1st overtime period - Deke by Ryan Malone.
5:00 of 1st overtime period - Shot Misses the Net.
5:00 of 1st overtime period - Penalty Shot by Jamie Tardif for Admirals NSH.
5:00 of 1st overtime period - Wrist shot by Jamie Tardif.
5:00 of 1st overtime period - Stopped by Reto Berra.
5:00 of 1st overtime period - Penalty Shot by Jared Knight for Monarchs.
5:00 of 1st overtime period - Deke by Jared Knight.
5:00 of 1st overtime period - Shot Misses the Net.
5:00 of 1st overtime period - Penalty Shot by Frazer McLaren for Admirals NSH.
5:00 of 1st overtime period - Deke by Frazer McLaren.
5:00 of 1st overtime period - Stopped by Reto Berra.
5:00 of 1st overtime period - Penalty Shot by Raffi Torres for Monarchs.
5:00 of 1st overtime period - Deke by Raffi Torres.
5:00 of 1st overtime period - Goal by Raffi Torres.


Output by the SimonT Hockey Simulator (STHS) for Eric Dolegowski -- Original Page W3C XHTML 1.0 Valid
Hockey Simulator - Hockey Simulation - Hockey Manager